 Dungeon Crawl Stone Soup version 0.31-a0-986-g5e6e4ef867 (webtiles) character file.

Game seed: 13738403083394178665

54128 lessens the Nimble (level 14, -6/111 HPs)
             Began as a Gnoll Gladiator on Nov 7, 2023.
             Was the Champion of the Shining One.
             Killed by divine providence
             ... invoked by Saint Roka
              (14 damage)
             ... on level 2 of the Orcish Mines.
             The game lasted 00:32:03 (18757 turns).

lessens the Nimble (Gnoll Gladiator)               Turns: 18757, Time: 00:32:03

Health: -6/111     AC: 18    Str: 18    XL:     14   Next: 71%
Magic:  27/27      EV: 15    Int:  7    God:    the Shining One [******]
Gold:   2776       SH:  0    Dex: 15    Spells: 32/32 levels left

rFire   . . .        a - +2 rapier (venom)
rCold   . . .        (no shield)
rNeg    + + +        H - +3 scale mail {rPois}
rPois   +            c - +0 helmet
rElec   .            (no cloak)
rCorr   .            n - +2 pair of gloves {Stlth+}
SInv    .            K - +1 pair of boots
Will    +....        r - amulet of regeneration
Stlth   ++           u - +4 ring of slaying
HPRegen 1.18/turn    F - +4 ring of slaying
MPRegen 0.20/turn

%: no passive effects
@: glowing
A: fangs 1, strong nose, distributed training
a: Renounce Religion, Divine Shield, Cleansing Flame, Summon Divine Warrior,
Brand Weapon With Holy Wrath


You were on level 2 of the Orcish Mines.
You worshipped the Shining One.
The Shining One was exalted by your worship.
You visited 4 branches of the dungeon, and saw 20 of its levels.
You also visited: Sewer.

You collected 2937 gold pieces.
You spent 161 gold pieces at shops.

Inventory:

Hand Weapons
 a - a +2 rapier of venom (weapon)
 b - a +4 morningstar of protection
 T - a +0 broad axe
Missiles
 d - 4 throwing nets
 e - 3 javelins
 j - 170 stones
 m - 21 boomerangs
 z - 2 curare-tipped darts
 C - 5 darts of dispersal
 L - 27 poisoned darts (quivered)
 S - 6 datura-tipped darts
Armour
 c - a +0 helmet (worn)
 n - a +2 pair of gloves of stealth (worn)
 B - a +0 robe of fire resistance
 H - a +3 scale mail of poison resistance (worn)
 K - a +1 pair of boots (worn)
 M - +0 acid dragon scales
 N - a +2 robe of resistance
Jewellery
 r - an amulet of regeneration (around neck)
 u - a +4 ring of slaying (left hand)
 F - a +4 ring of slaying (right hand)
 Y - a ring of flight
Wands
 g - a wand of digging (6)
 J - a wand of flame (29)
 W - a wand of polymorph (9)
 Z - a wand of roots (9)
Scrolls
 h - 6 scrolls of teleportation
 k - 5 scrolls of amnesia
 p - 4 scrolls of vulnerability
 q - a scroll of brand weapon {unknown}
 s - 2 scrolls of enchant weapon {unknown}
 t - a scroll of blinking
 v - 3 scrolls of revelation
 w - a scroll of immolation {unknown}
 y - 2 scrolls of noise {unknown}
 E - a scroll of enchant armour
 V - 4 scrolls of fog
Potions
 f - 4 potions of heal wounds
 i - 2 potions of resistance
 l - 5 potions of curing
 o - 2 potions of haste
 x - 2 potions of attraction
 A - 2 potions of lignification
 D - 2 potions of mutation
 G - 2 potions of might {unknown}
 I - a potion of brilliance {unknown}
 O - a potion of magic {unknown}
 Q - a potion of cancellation {unknown}
 U - a potion of degeneration {unknown}
Miscellaneous
 X - a phantom mirror (inert)


   Skills:
 + Level 10.7 Fighting
 + Level 9.6 Short Blades
 + Level 9.6 Long Blades
 + Level 11.6 Axes
 + Level 9.6 Maces & Flails
 + Level 9.6 Polearms
 + Level 9.6 Staves
 + Level 9.6 Ranged Weapons
 + Level 10.7 Throwing
 + Level 9.6 Armour
 + Level 11.6 Dodging
 + Level 9.6 Stealth
 + Level 9.6 Shields
 + Level 9.6 Unarmed Combat
 + Level 9.6 Spellcasting
 + Level 8.0 Conjurations
 + Level 8.0 Hexes
 + Level 8.0 Summonings
 + Level 8.0 Necromancy
 + Level 8.0 Translocations
 + Level 8.0 Transmutations
 + Level 8.0 Fire Magic
 + Level 8.0 Ice Magic
 + Level 8.0 Air Magic
 + Level 8.0 Earth Magic
 + Level 8.0 Poison Magic
 + Level 10.5 Invocations
 + Level 9.6 Evocations
 + Level 8.8 Shapeshifting


You had 32 spell levels left.
You didn't know any spells.
Your spell library contained the following spells:

 Spells                   Type           Power      Damage    Failure   Level
 Apportation              Tloc           28%        N/A       1%          1
 Kiss of Death            Conj/Necr      56%        2d9       1%          1
 Magic Dart               Conj           56%        1d5       1%          1
 Necrotise                Necr           56%        1d6       1%          1
 Summon Small Mammal      Summ           56%        N/A       1%          1
 Searing Ray              Conj           28%        2d5       2%          2
 Confusing Touch          Hex            14%        N/A       4%          3
 Ozocubu's Armour         Ice            14%        N/A       4%          3
 Anguish                  Hex/Necr       7%         N/A       17%         4
 Cause Fear               Hex            7%         N/A       17%         4
 Dispel Undead            Necr           14%        3d10      17%         4
 Fulminant Prism          Conj/Hex       7%         3d7       17%         4
 Enfeeble                 Hex            7%         N/A       100%        7
 Ozocubu's Refrigeration  Ice            7%         4d9       100%        7


Dungeon Overview and Level Annotations

Branches:
Dungeon (12/15) Zot: 26678  Temple (1/1) D:4 Zot: 5998    Lair (5/5) D:8 Zot: 23572
  Swamp (0/4) Lair:2        Snake (0/4) Lair:3        Slime (0/5) Lair:4
    Orc (2/2) D:11 Zot: 10429     Elf (0/3) Orc:2         Sewer (visited)

Altars:
Ashenzari
Cheibriados
Dithmenos
Elyvilon
Fedhas
Gozag
Hepliaklqana
Kikubaaqudgha
Makhleb
Nemelex Xobeh
Okawaru
Qazlal
Ru
Sif Muna
Trog
Uskayaw
Vehumet
Wu Jian
Xom
Yredelemnul
Zin
The Shining One
Jiyva

Shops:
D:5 (   D:7 [   D:8 :

Annotations:
D:12 Jorgrun
Orc:2 Saint Roka


Innate Abilities, Weirdness & Mutations

You have very sharp teeth.
Your uncanny sense of smell can sniff out nearby items.
Your experience applies equally to all skills.


Message History

The orc warrior is almost dead.
The orc warrior closely misses you.
You puncture the orc warrior!
You kill the orc warrior!
Saint Roka calls down the wrath of Beogh upon you.
Beogh smites you! The orc closely misses you.
You hit the orc.
The orc is severely wounded.
Saint Roka calls down the wrath of Beogh upon you.
Beogh smites you!
You hit the orc but do no damage.
The orc is poisoned.
You bite the orc.
The orc is almost dead.
The orc hits you but does no damage.
You puncture the orc!
You kill the orc!
Saint Roka invokes the aid of Beogh against you.
Beogh smites you!
* * * LOW HITPOINT WARNING * * *
Saint Roka invokes the aid of Beogh against you.
Beogh smites you!
* * * LOW HITPOINT WARNING * * *
Throw: 28 darts (poison)
Press: ? - help, Q - select action, (/) - cycle Shift-Dir - straight line, f - Saint Roka
Aim: Saint Roka, wielding a +0 war axe and wearing a +0 plate armour (severely wounded, very poisoned, haloed, 92% to hit)
You throw a poisoned dart. The poisoned dart hits Saint Roka!
Saint Roka looks as sick as possible!
Saint Roka is severely wounded.
Saint Roka invokes the aid of Beogh against you.
Beogh smites you!
* * * LOW HITPOINT WARNING * * *
The troll bites you!
* * * LOW HITPOINT WARNING * * *
The troll barely misses you. The troll claws you.
* * * LOW HITPOINT WARNING * * *
As you read the scroll of fear, it crumbles to dust.
You assume a fearsome visage.
The troll looks frightened!
Saint Roka invokes the aid of Beogh against you.
Beogh smites you!
You die...
Saint Roka roars, "Praise to Beogh!"

## ## ##.####.##
.##....#...
.........# #........
##.......####
#$.......<#.#
...#.....#..@.####
.T........#.......#
..................###
.......##...#T......#
........##.#.......##
.......##........##
#.............##
###...o....#### .
##........#


You could see Saint Roka (very poisoned) and a troll (fleeing).

Vanquished Creatures
  Gastronok (D:10)
  Erolcha (D:9)
  7 hydras
  2 two-headed ogres
  2 catoblepae (Lair:2)
  6 death yaks (Lair:5)
  An orc high priest (Orc:2)
  Nergalle (Orc:1)
  A bog body (Lair:2)
  6 orc knights
  A deep elf pyromancer (D:10)
  2 orc sorcerers (Orc:2)
  2 ugly things
  2 wolf spiders (Lair:5)
  5 black mambas
  A guardian serpent (Lair:5)
  Joseph (D:10)
  8 elephants
  3 torpor snails (Lair:2)
  15 cane toads
  An unseen horror (D:10)
  2 gargoyles (D:11)
  A freezing wraith (D:10)
  8 komodo dragons
  A tengu conjurer (D:10)
  2 trolls
  3 polar bears
  3 hornets
  5 dream sheep (Lair:5)
  3 blink frogs (Lair:5)
  19 wyverns
  3 shadows
  25 yaks
  7 basilisks
  3 vampire mosquitoes
  A redback (Lair:5)
  3 nagas (Lair:3)
  4 wargs
  3 acid dragons
  23 water moccasins
  Pargi (Sewer)
  14 orc warriors
  3 sky beasts (D:7)
  6 ogres
  5 wolves (Lair:4)
  4 centaurs
  A phantom (D:7)
  2 kobold brigands (D:9)
  Blork the orc (D:6)
  2 gnoll sergeants
  10 bullfrogs
  5 scorpions
  10 wights
  9 killer bees
  10 howler monkeys
  2 hounds
  3 gnoll boudas
  9 orc priests
  A sleepcap (D:6)
  6 jellies
  4 iguanas
  18 orc wizards
  15 gnolls
  A river rat (D:3)
  6 adders
  3 shadow imps
  2 white imps
  4 ufetubi
  2 worms
  3 dart slugs
  79 orcs
  7 ball pythons
  6 endoplasms
  2 giant cockroaches
  6 goblins
  5 hobgoblins
  14 jackals
  4 quokkas
  5 bats
  8 frilled lizards
  16 kobolds
  6 rats
508 creatures vanquished.

Notes
Turn   | Place    | Note
-------+----------+-------------------------------------------
     0 | D:1      | lessens the Gnoll Gladiator began the quest for the Orb.
     0 | D:1      | Reached XP level 1. HP: 20/20 MP: 1/1
   179 | D:1      | Reached XP level 2. HP: 26/26 MP: 2/2
  1127 | D:2      | Found a faded altar of an unknown god.
  1133 | D:2      | Reached XP level 3. HP: 31/31 MP: 3/3
  1147 | D:2      | Prayed at the altar of an unknown god.
  1147 | D:2      | Became a worshipper of the Shining One
  1147 | D:2      | Reached * piety under the Shining One
  1249 | D:2      | Reached skill level 1 in Invocations
  1399 | D:2      | Reached skill level 1 in Short Blades
  1399 | D:2      | Reached skill level 1 in Long Blades
  1399 | D:2      | Reached skill level 1 in Maces & Flails
  1399 | D:2      | Reached skill level 1 in Polearms
  1399 | D:2      | Reached skill level 1 in Staves
  1399 | D:2      | Reached skill level 1 in Ranged Weapons
  1399 | D:2      | Reached skill level 1 in Armour
  1399 | D:2      | Reached skill level 1 in Stealth
  1399 | D:2      | Reached skill level 1 in Shields
  1399 | D:2      | Reached skill level 1 in Unarmed Combat
  1399 | D:2      | Reached skill level 1 in Spellcasting
  1399 | D:2      | Reached skill level 1 in Evocations
  1555 | D:2      | Found a shimmering blue altar of Sif Muna.
  1589 | D:2      | Reached skill level 1 in Shapeshifting
  1589 | D:2      | Reached XP level 4. HP: 38/38 MP: 5/5
  1887 | D:3      | Found a glowing drain.
  1906 | Sewer    | Entered a sewer
  2010 | Sewer    | Noticed Pargi
  2016 | Sewer    | Killed Pargi
  2017 | Sewer    | Reached skill level 1 in Conjurations
  2017 | Sewer    | Reached skill level 1 in Hexes
  2017 | Sewer    | Reached skill level 1 in Summonings
  2017 | Sewer    | Reached skill level 1 in Necromancy
  2017 | Sewer    | Reached skill level 1 in Translocations
  2017 | Sewer    | Reached skill level 1 in Transmutations
  2017 | Sewer    | Reached skill level 1 in Fire Magic
  2017 | Sewer    | Reached skill level 1 in Ice Magic
  2017 | Sewer    | Reached skill level 1 in Air Magic
  2017 | Sewer    | Reached skill level 1 in Earth Magic
  2017 | Sewer    | Reached skill level 1 in Poison Magic
  2017 | Sewer    | Reached XP level 5. HP: 32/43 MP: 5/7
  2658 | D:4      | Reached skill level 5 in Fighting
  2658 | D:4      | Reached skill level 5 in Throwing
  2658 | D:4      | Reached XP level 6. HP: 47/51 MP: 8/8
  3051 | D:4      | Reached ** piety under the Shining One
  3301 | D:4      | Found a staircase to the Ecumenical Temple.
  3548 | Temple   | Entered the Ecumenical Temple
  3565 | D:5      | Entered Level 5 of the Dungeon
  3616 | D:5      | Noticed a wyvern
  3624 | D:5      | Killed a wyvern
  3625 | D:5      | Reached XP level 7. HP: 40/56 MP: 10/10
  3959 | D:5      | Reached XP level 8. HP: 62/63 MP: 12/12
  4147 | D:5      | Found a shimmering blue altar of Sif Muna.
  4225 | D:5      | Found Qoick's Weapon Shop.
  4490 | D:6      | Reached *** piety under the Shining One
  4607 | D:6      | Noticed Blork the orc
  4617 | D:6      | Killed Blork the orc
  4618 | D:6      | Reached XP level 9. HP: 56/69 MP: 14/14
  5151 | D:6      | Found an ornate altar of the Wu Jian Council.
  5472 | D:7      | Found Hocoin Untarr's Antique Armour Boutique.
  5472 | D:7      | Found a radiant altar of Vehumet.
  5714 | D:7      | Reached skill level 5 in Invocations
  5923 | D:7      | Bought a shiny scale mail for 161 gold pieces
  5984 | D:7      | Reached **** piety under the Shining One
  6283 | D:8      | Reached XP level 10. HP: 77/77 MP: 17/17
  6325 | D:8      | Reached skill level 5 in Short Blades
  6325 | D:8      | Reached skill level 5 in Long Blades
  6325 | D:8      | Reached skill level 5 in Maces & Flails
  6325 | D:8      | Reached skill level 5 in Polearms
  6325 | D:8      | Reached skill level 5 in Staves
  6325 | D:8      | Reached skill level 5 in Ranged Weapons
  6325 | D:8      | Reached skill level 5 in Armour
  6325 | D:8      | Reached skill level 5 in Stealth
  6325 | D:8      | Reached skill level 5 in Shields
  6325 | D:8      | Reached skill level 5 in Unarmed Combat
  6325 | D:8      | Reached skill level 5 in Spellcasting
  6325 | D:8      | Reached skill level 5 in Evocations
  6410 | D:8      | Found Xoomiud's Tremendous Tomes.
  6786 | D:8      | Noticed a two-headed ogre
  6790 | D:8      | Killed a two-headed ogre
  6791 | D:8      | Reached skill level 5 in Shapeshifting
  7161 | D:8      | Found a staircase to the Lair.
  7572 | D:9      | Found a white marble altar of Elyvilon.
  7762 | D:9      | Noticed Erolcha
  7774 | D:9      | Killed Erolcha
  7775 | D:9      | Reached XP level 11. HP: 84/84 MP: 19/19
  7934 | D:9      | Found a basalt altar of Yredelemnul.
  7936 | D:9      | Found a sparkling altar of Nemelex Xobeh.
  7986 | D:9      | Reached skill level 5 in Conjurations
  7986 | D:9      | Reached skill level 5 in Hexes
  7986 | D:9      | Reached skill level 5 in Summonings
  7986 | D:9      | Reached skill level 5 in Necromancy
  7986 | D:9      | Reached skill level 5 in Translocations
  7986 | D:9      | Reached skill level 5 in Transmutations
  7986 | D:9      | Reached skill level 5 in Fire Magic
  7986 | D:9      | Reached skill level 5 in Ice Magic
  7986 | D:9      | Reached skill level 5 in Air Magic
  7986 | D:9      | Reached skill level 5 in Earth Magic
  7986 | D:9      | Reached skill level 5 in Poison Magic
  8347 | D:10     | Entered Level 10 of the Dungeon
  8497 | D:10     | Noticed a deep elf pyromancer
  8506 | D:10     | Killed a deep elf pyromancer
  8668 | D:10     | Noticed Joseph
  8670 | D:10     | Noticed Gastronok
  8677 | D:10     | Killed Joseph
  8890 | D:10     | Killed Gastronok
  9320 | D:10     | Noticed an orc knight
  9337 | D:10     | Killed an orc knight
  9379 | D:11     | Noticed a white ugly thing
  9395 | D:11     | HP: 1/86 [gargoyle/+0 flail (11)]
  9480 | D:10     | Killed a white ugly thing
  9611 | D:11     | Reached ***** piety under the Shining One
  9627 | D:10     | Reached XP level 12. HP: 66/94 MP: 22/22
 10093 | D:11     | Found a staircase to the Orcish Mines.
 10334 | D:12     | Noticed Jorgrun
 10505 | D:14     | Identified the "Nufenleo"
 10505 | Lair:1   | Entered Level 1 of the Lair of Beasts
 10795 | Lair:1   | Identified the +4 spear of Purpose {freeze, rC+ Str-3 Dex+2
                  | Stlth+}
 11307 | Lair:1   | Noticed a seven-headed hydra
 11316 | Lair:1   | Killed a seven-headed hydra
 11440 | Lair:2   | Identified the +1 leather armour "Ingaep" {rC- MP+9 Int+5
                  | SInv}
 11478 | Lair:2   | Reached skill level 10 in Axes
 11478 | Lair:2   | Reached skill level 10 in Dodging
 11494 | Lair:2   | Found a snail-covered altar of Cheibriados.
 11805 | Lair:2   | Found a staircase to the Swamp.
 11810 | Lair:2   | Noticed a catoblepas
 11843 | Lair:2   | Killed a catoblepas
 12031 | Lair:2   | Noticed a catoblepas
 12060 | Lair:2   | Killed a catoblepas
 12464 | Lair:3   | Reached XP level 13. HP: 58/101 MP: 23/25
 13389 | Lair:3   | Found a staircase to the Snake Pit.
 13457 | Lair:4   | Found a staircase to the Slime Pits.
 13457 | Lair:4   | Found a viscous altar of Jiyva.
 14808 | Lair:5   | Entered Level 5 of the Lair of Beasts
 15114 | Lair:5   | Reached skill level 10 in Fighting
 15114 | Lair:5   | Reached skill level 10 in Throwing
 15510 | Lair:5   | Reached XP level 14. HP: 102/110 MP: 26/26
 15687 | Lair:5   | Identified a scroll of acquirement
 15687 | Lair:5   | Identified the "Ypuinuha" (You acquired it on level 5 of
                  | the Lair of Beasts)
 15687 | Lair:5   | Acquired 825 gold pieces
 16066 | Lair:5   | Reached skill level 10 in Invocations
 16081 | Lair:5   | HP: 3/110 [death yak (18)]
 16082 | Lair:5   | HP: 1/110 [death yak (2)]
 17129 | Orc:1    | Entered Level 1 of the Orcish Mines
 17143 | Orc:1    | Noticed Nergalle
 17156 | Orc:1    | Killed Nergalle
 17377 | Orc:1    | Found an iron altar of Okawaru.
 17535 | Orc:2    | Entered Level 2 of the Orcish Mines
 17754 | Orc:1    | You fall into a shaft and drop 1 floor!
 17866 | Orc:2    | Found a staircase to the Elven Halls.
 18174 | Orc:2    | Paralysed by an orc sorcerer for 3 turns
 18236 | Orc:2    | Noticed Saint Roka
 18660 | Orc:2    | Reached ****** piety under the Shining One
 18675 | Orc:2    | The Shining One protects you from harm!
 18753 | Orc:2    | HP: 4/111 [troll (6)]
 18757 | Orc:2    | Killed from afar by Saint Roka

Illustrated notes

Levels and vault maps discovered:
D:1:      dpeg_arrival_another_circle, layout_basic, minmay_misc_feat_tower,
          serial_bayou_lake_a
D:2:      layout_loops_cross, basic_altar, dreamdust_ecumenical_altar_grove
D:3:      layout_basic, portal_sewer_entry_a
D:4:      layout_basic, minmay_temple_entry_slanted
D:5:      layout_basic, tgw_sif, serial_shops, nicolae_shop_bloodbath_and_beyond
D:6:      layout_basic, nzn_wu_jian_council_hall, kennysheep_generic_room_6,
          uniq_blork_the_orc
D:7:      layout_basic, mainiacjoe_overflow_alcove_4, serial_shops, shop
D:8:      layout_basic, david_lair_shrubbed, nicolae_shop_i_like_big_books
D:9:      layout_irregular_city, chequers_temple_overflow_statue_of_worship,
          elyvilon_altar_4, uniq_erolcha
D:10:     minmay_blocky_corners, layout_stronghold, uniq_gastronok, uniq_joseph
D:11:     layout_rooms, hiddenorc2_lemuel
D:12:     minmay_swirls_squares, layout_basic, dreamdust_mushroom_princess,
          uniq_jorgrun
Temple:   regret_index_temple_sphere_string
Lair:1:   layout_gridlike
Lair:2:   layout_cave_shapes, skrybe_swamp_entry_bodies,
          kennysheep_snail_temple, infiniplex_staircase_pool
Lair:3:   layout_gridlike, nicolae_snake_entry_squirm
Lair:4:   layout_layer_cave, nicolae_slime_entry_field_trip, serial_forest,
          infiniplex_forest_clump_double, infiniplex_forest_clump_double,
          infiniplex_forest_clump_medium, infiniplex_forest_split,
          infiniplex_forest_lined_corner, infiniplex_forest_split,
          lemuel_fruit_fields, infiniplex_staircase_pool_2
Lair:5:   hangedman_lair_tendril_chambers, layout_cave_pods, grunt_megastairs_2
Orc:1:    layout_caves, okawaru_metal_pillars_1_2, uniq_nergalle
Orc:2:    grunt_orc_cross, layout_diamond_mine

Skill      XL: |  1  2  3  4  5  6  7  8  9 10 11 12 13 14 |
---------------+-------------------------------------------+-----
Invocations    | 1 2 3 4 5 6 7 8 9 10 | 10.5
Short Blades   | 1 2 3 4 5 6 8 9 |  9.6
Long Blades    | 1 2 3 4 5 6 8 9 |  9.6
Maces & Flails | 1 2 3 4 5 6 8 9 |  9.6
Polearms       | 1 2 3 4 5 6 8 9 |  9.6
Staves         | 1 2 3 4 5 6 8 9 |  9.6
Ranged Weapons | 1 2 3 4 5 6 8 9 |  9.6
Armour         | 1 2 3 4 5 6 8 9 |  9.6
Stealth        | 1 2 3 4 5 6 8 9 |  9.6
Shields        | 1 2 3 4 5 6 8 9 |  9.6
Unarmed Combat | 1 2 3 4 5 6 8 9 |  9.6
Spellcasting   | 1 2 3 4 5 6 8 9 |  9.6
Evocations     | 1 2 3 4 5 6 8 9 |  9.6
Shapeshifting  | 1 2 3 4 5 6 7 8 |  8.8
Conjurations   | 1 2 3 4 5 6 7 8 |  8.0
Hexes          | 1 2 3 4 5 6 7 8 |  8.0
Summonings     | 1 2 3 4 5 6 7 8 |  8.0
Necromancy     | 1 2 3 4 5 6 7 8 |  8.0
Translocations | 1 2 3 4 5 6 7 8 |  8.0
Transmutations | 1 2 3 4 5 6 7 8 |  8.0
Fire Magic     | 1 2 3 4 5 6 7 8 |  8.0
Ice Magic      | 1 2 3 4 5 6 7 8 |  8.0
Air Magic      | 1 2 3 4 5 6 7 8 |  8.0
Earth Magic    | 1 2 3 4 5 6 7 8 |  8.0
Poison Magic   | 1 2 3 4 5 6 7 8 |  8.0
Fighting       | 5 6 7 8 9 10 | 10.7
Throwing       | 5 6 7 8 9 10 | 10.7
Axes           | 7 8 9 10 11 | 11.6
Dodging        | 7 8 9 10 11 | 11.6

Action                     |  1- 3 |  4- 6 |  7- 9 | 10-12 | 13-15 || total
---------------------------+-------+-------+-------+-------+-------++-------
  Melee: Rapier            |    79 |   129 |   197 |   500 |   473 ||  1378
         War axe           |     6 |       |       |       |       ||     6
         Bite              |     8 |    18 |    38 |   111 |   121 ||   296
         Punch             |       |     1 |    22 |    38 |    52 ||   113
         Morningstar       |       |       |    36 |   126 |   163 ||   325
  Throw: Throwing net      |       |       |     1 |       |       ||     1
         Javelin           |       |       |     1 |     1 |       ||     2
         Boomerang         |       |       |       |    67 |    96 ||   163
         Dart              |       |       |       |    16 |     4 ||    20
  Evoke: Wand              |       |       |       |       |     6 ||     6
         Phantom mirror    |       |       |       |       |     1 ||     1
    Use: Scroll            |       |       |     6 |     7 |    11 ||    24
         Potion            |       |       |       |     1 |       ||     1
   Stab: Sleeping          |     1 |       |       |       |       ||     1
 Armour: Leather armour    |    18 |       |       |       |       ||    18
         Chain mail        |    29 |    91 |   190 |       |       ||   310
         Scale mail        |       |       |    11 |   548 |   475 ||  1034
  Dodge: Dodged            |    56 |    65 |   154 |   449 |   423 ||  1147

Table legend: (Time is in decaauts)
 A = Elapsed time spent in this place.
 B = Non-inter-level travel time spent in this place.
 C = Inter-level travel time spent in this place.
 D = Time resting spent in this place.
 E = Time spent auto-exploring this place.
 F = Levels seen in this place.
 G = Mean time per level.
                   A        B        C        D        E       F      G
               +--------+--------+--------+--------+--------+-----+--------+
         Total |  18670 |  17362 |   1308 |    540 |  12821 |  21 |  889.0 |
       Dungeon |  10495 |   9623 |    872 |    208 |   7444 |  12 |  874.6 |
        Temple |      1 |      1 |      0 |      0 |      0 |   1 |    1.0 |
          Lair |   6427 |   6072 |    355 |    171 |   4497 |   5 | 1285.4 |
  Orcish Mines |   1569 |   1490 |     79 |    161 |    766 |   2 |  784.5 |
         Sewer |    176 |    176 |      0 |      0 |    113 |   1 |  176.0 |
               +--------+--------+--------+--------+--------+-----+--------+

Top non-repeatable levels by time:
  Lair:5: 1933 daAuts
  Lair:4: 1520 daAuts
    D:10: 1252 daAuts
     D:8: 1242 daAuts
     D:1: 1160 daAuts
     D:6: 1110 daAuts
     D:4: 1040 daAuts
  Lair:3: 1013 daAuts
  Lair:2: 1010 daAuts
     D:9: 961 daAuts
  Lair:1: 950 daAuts
   Orc:1: 876 daAuts
     D:5: 857 daAuts
    D:11: 803 daAuts
     D:7: 794 daAuts

Levels and vault maps discovered:
D:1:      dpeg_arrival_another_circle, layout_basic, minmay_misc_feat_tower,
          serial_bayou_lake_a
D:2:      layout_loops_cross, basic_altar, dreamdust_ecumenical_altar_grove
D:3:      layout_basic, portal_sewer_entry_a
D:4:      layout_basic, minmay_temple_entry_slanted
D:5:      layout_basic, tgw_sif, serial_shops, nicolae_shop_bloodbath_and_beyond
D:6:      layout_basic, nzn_wu_jian_council_hall, kennysheep_generic_room_6,
          uniq_blork_the_orc
D:7:      layout_basic, mainiacjoe_overflow_alcove_4, serial_shops, shop
D:8:      layout_basic, david_lair_shrubbed, nicolae_shop_i_like_big_books
D:9:      layout_irregular_city, chequers_temple_overflow_statue_of_worship,
          elyvilon_altar_4, uniq_erolcha
D:10:     minmay_blocky_corners, layout_stronghold, uniq_gastronok, uniq_joseph
D:11:     layout_rooms, hiddenorc2_lemuel
D:12:     minmay_swirls_squares, layout_basic, dreamdust_mushroom_princess,
          uniq_jorgrun
Temple:   regret_index_temple_sphere_string
Lair:1:   layout_gridlike
Lair:2:   layout_cave_shapes, skrybe_swamp_entry_bodies,
          kennysheep_snail_temple, infiniplex_staircase_pool
Lair:3:   layout_gridlike, nicolae_snake_entry_squirm
Lair:4:   layout_layer_cave, nicolae_slime_entry_field_trip, serial_forest,
          infiniplex_forest_clump_double, infiniplex_forest_clump_double,
          infiniplex_forest_clump_medium, infiniplex_forest_split,
          infiniplex_forest_lined_corner, infiniplex_forest_split,
          lemuel_fruit_fields, infiniplex_staircase_pool_2
Lair:5:   hangedman_lair_tendril_chambers, layout_cave_pods, grunt_megastairs_2
Orc:1:    layout_caves, okawaru_metal_pillars_1_2, uniq_nergalle
Orc:2:    grunt_orc_cross, layout_diamond_mine
